 Dungeon Crawl Stone Soup version 0.23-a0-839-g6d2b917 (console) character file.

931 Voker57 the Slasher (level 7, -6/55 HPs)
             Began as a Demonspawn Gladiator on Jan 25, 2019.
             Mangled by an ogre
             ... wielding a cursed +0 giant spiked club
              (18 damage)
             ... on level 5 of the Dungeon.
             The game lasted 00:09:06 (5077 turns).

Voker57 the Slasher (Demonspawn Gladiator)          Turns: 5077, Time: 00:09:07

Health: -6/55      AC:  7    Str: 12 (14) XL:     7   Next: 86%
Magic:  7/7        EV: 14    Int:  8 (10) God:
Gold:   201        SH:  0    Dex: 15 (16) Spells: 6/6 levels left

rFire    . . .     SeeInvis .   b - +2 short sword (venom)
rCold    . . .     Gourm    .   (no shield)
rNeg     . . .     Faith    .   r - +0 leather armour
rPois    .         Spirit   .   (helmet restricted)
rElec    .         Reflect  .   (no cloak)
rCorr    .         Harm     .   (no gloves)
MR       .....                  (no boots)
Stlth    ++........             (no amulet)
HPRegen  0.18/turn              (no ring)
MPRegen  0.10/turn              (no ring)

@: no status effects
A: horns 1, iridescent scales 2, blurry vision 1, deterioration 1, nightstalker
1, sense surroundings 1, powered by death 1
a: no special abilities


You were on level 5 of the Dungeon.
You were not hungry.

You visited 1 branch of the dungeon, and saw 5 of its levels.
You also visited: Sewer.

You collected 201 gold pieces.

Inventory:

Hand Weapons
 a - a +0 long sword
 b - a +2 short sword of venom (weapon)
Armour
 c - a +1 helmet
 r - a +0 leather armour (worn)
Jewellery
 e - an uncursed ring of poison resistance {unknown}
 k - an uncursed amulet of magic regeneration {unknown}
 m - an uncursed ring of fire {unknown}
 p - a cursed ring of protection from magic {unknown}
Wands
 d - a wand of flame (18)
 x - a wand of paralysis (8)
Scrolls
 f - 2 scrolls of teleportation
 l - 2 scrolls of identify
 o - 2 scrolls of remove curse
 q - a scroll of fear
Potions
 h - a potion of degeneration
 j - a potion of might
Comestibles
 s - 9 rations


   Skills:
 + Level 4.8 Fighting
 * Level 6.4 Long Blades
 - Level 1.7 Throwing
 + Level 4.8 Dodging


You had 6 spell levels left.
You didn't know any spells.
Your spell library was empty.

Dungeon Overview and Level Annotations

Branches:
Dungeon (5/15)             Temple (0/1) D:5

Altars:
Ashenzari
Fedhas
Gozag
Sif Muna
Zin
The Shining One


Innate Abilities, Weirdness & Mutations

You are mostly covered in iridescent scales. (AC +4)
You are slightly more attuned to the shadows.
You regenerate a little health from kills.
You have a pair of small horns on your head.
Scrolls take you a little longer to read.
Your body sometimes deteriorates upon taking damage.
You passively map a small area around you.


Message History

All of the chunks of flesh in your inventory have rotted away.
Okay, then.
You open the door.
Found a trident.
There is an open door here.
You see here a trident.
You open the door.
An ogre comes into view. It is wielding a +0 giant spiked club.
The ogre shouts!
There is an open door here.
The ogre hits you with a cursed +0 giant spiked club!!
* * * LOW HITPOINT WARNING * * *
You hear the brisk hiss of a distant avalanche of sand.
There is an open door here.
There is an open door here.
You close the door.
An ogre opens the door.
The ogre hits you with a cursed +0 giant spiked club!
* * * LOW HITPOINT WARNING * * *
The ogre hits you with a cursed +0 giant spiked club!!
You die...

,,#.....# ######'## ,
#.....######.....# * ,
#..........#.....#
,*,,,+..........#.....#
, #..........#.....# **
+#..........#.....# **
,* #................# ,
#.....#####.##'#### , ,
, #.....# #.......# ,
,#....@# #.......# ,
,#...O.# #.......# * **
, #.....# #.......#
,,** #.....# #.....).#
, #.....# #.......# ,
,#.....# #.S.....# ,
#.....# ,, , #.....# ,
** ####### *


You could see an ogre.

Vanquished Creatures
  Eustachio (D:4)
  A water moccasin (D:5)
  An ogre (D:3)
  A phantom (D:4)
  A crocodile (Sewer)
  2 scorpions
  A hound (D:4)
  Jessica (D:2)
  4 worker ants
  3 gnolls (D:2)
  5 adders
  4 oozes
  2 worms
  A dart slug (D:2)
  10 leopard geckos
  3 orcs
  6 giant cockroaches
  9 goblins
  6 hobgoblins
  5 jackals
  10 kobolds
  2 quokkas
  A ball python (D:3)
  5 bats
  6 frilled lizards
  6 rats
97 creatures vanquished.

Notes
Turn   | Place    | Note
-------+----------+-------------------------------------------
     0 | D:1      | Voker57 the Demonspawn Gladiator began the quest for the
                  | Orb.
     0 | D:1      | Reached XP level 1. HP: 16/16 MP: 1/1
    39 | D:1      | Reached skill level 3 in Long Blades
    39 | D:1      | Gained mutation: You regenerate a little health from kills.
                  | [demonic ancestry]
    39 | D:1      | Reached XP level 2. HP: 16/22 MP: 2/2
   745 | D:2      | Found a glowing silver altar of Zin.
   909 | D:2      | Reached XP level 3. HP: 28/28 MP: 3/3
  1289 | D:2      | Found an opulent altar of Gozag.
  1620 | D:2      | Gained mutation: You are partially covered in iridescent
                  | scales. (AC +2) [demonic ancestry]
  1620 | D:2      | Reached XP level 4. HP: 17/34 MP: 4/4
  1680 | D:2      | Reached skill level 4 in Long Blades
  2308 | D:3      | Found a blossoming altar of Fedhas.
  2356 | D:3      | Noticed Jessica
  2356 | D:3      | Noticed an ogre
  2581 | D:2      | Killed Jessica
  2581 | D:2      | Reached XP level 5. HP: 37/41 MP: 5/5
  2685 | D:3      | Killed an ogre
  3293 | D:3      | Found a deep blue altar of Sif Muna.
  3315 | D:3      | Gained mutation: You are mostly covered in iridescent
                  | scales. (AC +4) [demonic ancestry]
  3315 | D:3      | Reached XP level 6. HP: 47/47 MP: 6/6
  3563 | D:4      | Reached skill level 5 in Long Blades
  3776 | D:4      | Found a shattered altar of Ashenzari.
  3943 | D:4      | Found a glowing golden altar of the Shining One.
  4162 | D:4      | Found a glowing drain.
  4177 | Sewer    | Entered a sewer
  4251 | Sewer    | Gained mutation: You are slightly more attuned to the
                  | shadows. [demonic ancestry]
  4251 | Sewer    | Reached XP level 7. HP: 34/54 MP: 7/7
  4422 | D:4      | Noticed Eustachio
  4432 | D:4      | Killed Eustachio
  4432 | D:4      | Reached skill level 6 in Long Blades
  4722 | D:5      | Entered Level 5 of the Dungeon
  4799 | D:5      | Gained mutation: You passively map a small area around you.
                  | [potion of mutation]
  4799 | D:5      | Gained mutation: Scrolls take you a little longer to read.
                  | [potion of mutation]
  4799 | D:5      | Gained mutation: Your body sometimes deteriorates upon
                  | taking damage. [potion of mutation]
  4799 | D:5      | Gained mutation: You have a pair of small horns on your
                  | head. [potion of mutation]
  4803 | D:5      | HP: 4/82 [poisoned by a water moccasin]
  4808 | D:5      | HP: 2/82 [poisoned by a water moccasin]
  4813 | D:5      | HP: 1/82 [poisoned by a water moccasin]
  4822 | D:5      | HP: 1/82 [poisoned by a water moccasin]
  4827 | D:5      | HP: 1/82 [poisoned by a water moccasin]
  4833 | D:5      | HP: 1/82 [poisoned by a water moccasin]
  5077 | D:5      | Mangled by an ogre

Vault maps used:
D:1:      erik_arrival_gehennom
D:2:      marbit_many_paths, zin_academy, st_stairs_6
D:3:      minmay_evil_eye, fedhas_altar_2, first_ration, led_sif_pool,
          uniq_jessica
D:4:      kennysheep_little_box, nicolae_tso_carved_into_rock,
          gup_sewer_entry_pipe, dk_noncrumbling_4, kennysheep_generic_room_14,
          uniq_eustachio
D:5:      minmay_temple_entry_glassed_door, lightli_ossuary_entry_decrepit_ruins
Sewer:    sewer_the_crocodile

Skill      XL: |  1  2  3  4  5  6  7 |
---------------+----------------------+-----
Long Blades    | 3 4 5 6 |  6.4
Dodging        | 3 4 |  4.8
Fighting       | 3 4 |  4.8
Throwing       | |  1.7

Action                   |  1- 3 |  4- 6 |  7- 9 || total
-------------------------+-------+-------+-------++-------
Melee: Long sword        |    97 |   145 |    17 ||   259
       Short sword       |     3 |    53 |    20 ||    76
       Headbutt          |       |       |     1 ||     1
Throw: Throwing net      |     1 |     2 |       ||     3
  Use: Scroll            |     3 |     5 |     1 ||     9
       Potion            |       |       |     7 ||     7
 Stab: Held in net/web   |     1 |     2 |       ||     3
       Sleeping          |       |     2 |     1 ||     3
  Eat: Chunk             |     2 |     5 |     3 ||    10
       Ration            |       |     1 |       ||     1
Armor: Leather armour    |    31 |    63 |     8 ||   102
       Skin              |       |       |     6 ||     6
Dodge: Dodged            |    59 |   139 |    25 ||   223
       Rpst.: Long sword |    18 |    33 |     5 ||    56

Table legend:
 A = Non-vault XP
 B = Vault XP
 C = Vault XP percentage of total XP
 D = Non-vault monster count
 E = Vault monster count
 F = Vault count percentage of total count
                 A         B        C        D         E       F
            +---------+---------+-------+---------+---------+-------
      Total |     891 |     439 |  33.0 |      69 |      28 |  28.9
            +---------+---------+-------+---------+---------+-------
        D:1 |      13 |      19 |  59.4 |       8 |       5 |  38.5
        D:2 |     120 |      43 |  26.4 |      27 |       4 |  12.9
        D:3 |     186 |       5 |   2.6 |      18 |       4 |  18.2
        D:4 |     320 |     263 |  45.1 |      13 |       9 |  40.9
        D:5 |     252 |       0 |   0.0 |       3 |       0 |   0.0
      Sewer |       0 |     109 | 100.0 |       0 |       6 | 100.0
            +---------+---------+-------+---------+---------+-------
